 Dungeon Crawl Stone Soup version 0.20.1-1-g8b1a95d (webtiles) character file.

6177 equalderp2856 the Cleaver (level 10, -11/132 HPs)
             Began as a Minotaur Fighter on July 26, 2017.
             Mangled by an elephant (15 damage)
             ... on level 1 of the Lair of Beasts.
             The game lasted 00:31:35 (12543 turns).

equalderp2856 the Cleaver (Minotaur Fighter)       Turns: 12543, Time: 00:31:36

Health: -11/132    AC:  9    Str: 26    XL:     10   Next: 60%
Magic:  9/9        EV: 12    Int:  6    God:
Gold:   689        SH: 12    Dex: 12    Spells: 9/9 levels left

rFire    . . .     SeeInvis .   a - +0 war axe
rCold    . . .     Gourm    .   c - +0 shield
rNeg     . . .     Faith    .   b - +0 scale mail
rPois    .         Spirit   .   (helmet restricted)
rElec    .         Reflect  .   (no cloak)
rCorr    .         Harm     .   (no gloves)
MR       .....                  N - +0 pair of boots
Stlth    ..........             (no amulet)
Regen    0.4/turn               (no ring)
MPRegen  0.2/turn               (no ring)

@: berserking (expiring), very quick
A: retaliatory headbutt, horns 2
a: no special abilities


You were on level 1 of the Lair of Beasts.
You were very hungry.

You visited 2 branches of the dungeon, and saw 11 of its levels.

You collected 689 gold pieces.

Inventory:

Hand Weapons
 a - a +0 war axe (weapon)
 l - a +0 hunting sling
 n - a +2 vampiric rapier
 r - a cursed -1 shortbow
 x - a cursed -2 blowgun
 A - a +1 short sword of flaming
 G - a +0 dagger
 T - a +0 quarterstaff
 W - a +0 hunting sling
Missiles
 w - 85 arrows
 D - 105 stones (quivered)
 H - 28 poisoned needles
Armour
 b - a +0 scale mail (worn)
 c - a +0 shield (worn)
 p - a +0 plate armour
 s - a +2 cloak
 N - a +0 pair of boots (worn)
 Q - a +0 pair of gloves of dexterity
 R - a +0 chain mail
Jewellery
 m - a cursed amulet of inaccuracy {unknown}
 z - an uncursed ring of protection from cold {unknown}
 C - an uncursed ring of wizardry {unknown}
 J - an uncursed ring of poison resistance {unknown}
 S - an uncursed ring of see invisible {unknown}
 V - an uncursed ring of protection from magic {unknown}
Wands
 M - a wand of iceblast (7/15)
 O - a wand of iceblast (6/15)
 Y - a wand of lightning (6/15)
Scrolls
 i - 3 scrolls of blinking {unknown}
 k - 9 scrolls of identify {unknown}
 o - 4 scrolls of teleportation {unknown}
 t - a scroll of enchant armour {unknown}
 v - 5 scrolls of amnesia {unknown}
 y - 4 scrolls of remove curse {unknown}
 B - a scroll of fear {unknown}
 E - 2 scrolls of recharging {unknown}
 F - 2 scrolls of random uselessness {unknown}
 K - a scroll of fog {unknown}
 L - a scroll of immolation {unknown}
 X - 2 scrolls of noise {unknown}
 Z - a scroll of silence {unknown}
Potions
 d - 2 potions of might
 e - 4 potions of lignification
 h - 3 potions of curing
 j - a potion of brilliance {unknown}
 q - a potion of heal wounds {unknown}
 u - a potion of berserk rage
 I - a potion of agility {unknown}
 P - 2 potions of degeneration {unknown}
Books
 U - a book of Air

   Spells                             Type                      Level
   a - Shock                          Conjuration/Air              1
   b - Swiftness                      Charms/Air                   2
   c - Static Discharge               Conjuration/Air              3
   d - Airstrike                      Air                          4
   e - Lightning Bolt                 Conjuration/Air              5
Comestibles
 f - 2 bread rations
 g - 4 meat rations


   Skills:
 + Level 7.7 Fighting
 + Level 11.4 Axes
 + Level 9.3 Armour
 + Level 5.3 Dodging
 + Level 1.3 Stealth
 + Level 9.7 Shields


You had 9 spell levels left.
You didn't know any spells.

Dungeon Overview and Level Annotations

Branches:
Dungeon (10/15)            Temple (0/1) D:4            Lair (1/6) D:9
    Orc: D:9-12

Altars:
Gozag
Hepliaklqana
Makhleb
Qazlal
Zin

Shops:
D:5 (   D:6 [   D:9 (

Annotations:
D:6 CitizenNev's ghost, novice DsBe


Innate Abilities, Weirdness & Mutations

You reflexively headbutt those who attack you in melee.
You have a pair of horns on your head.


Message History

* * * LOW HITPOINT WARNING * * *
The hippogriff pecks you but does no damage.
The hippogriff claws you.
* * * LOW HITPOINT WARNING * * *
You are feeling very hungry.
You hit the hippogriff. Your headbutt misses the hippogriff.
The hippogriff is almost dead.
You closely miss the wolf. You slash the elephant! The wolf bites you!
* * * LOW HITPOINT WARNING * * *
The elephant closely misses you.
The elephant trunk-slaps you but does no damage.
You block the wolf's attack.
You are too berserk!
Unknown command.
You slash the hippogriff!
You kill the hippogriff!
You slash the wolf!
You kill the wolf!
You hit the elephant but do no damage. The elephant tramples you!
You die...

##.. #...#
.....######
..........##
#.........##
#.........#
#...†.....#
#...Y@....#
#.........#
#.........#
##.......##
##.....##
#######


You could see an elephant.

Vanquished Creatures
  Pikel (D:8)
  Maurice (D:9)
  A troll (D:9)
  Prince Ribbit (D:9)
  2 hippogriffs
  Sigmund (D:6)
  A yak (D:9)
  A hungry ghost (D:10)
  2 water moccasins
  3 orc warriors
  A porcupine (D:9)
  An ice beast (D:4)
  2 sky beasts
  A black bear (D:9)
  2 phantoms
  A necrophage (D:9)
  A wolf (Lair:1)
  4 ogres
  3 centaurs
  A big kobold (D:8)
  A gnoll sergeant (D:4)
  5 bullfrogs
  2 scorpions
  5 killer bees (D:9)
  5 wights
  2 howler monkeys (D:9)
  4 crimson imps
  2 centaur zombies (D:9)
  A bullfrog zombie (D:8)
  3 hounds
  4 jellies
  4 orc wizards
  4 orc priests
  A centaur skeleton (D:8)
  4 iguanas
  4 worker ants
  Terence (D:3)
  A killer bee zombie (D:9)
  A hound zombie (D:7)
  A howler monkey zombie (D:9)
  A worker ant zombie (D:3)
  6 gnolls
  A howler monkey skeleton (D:6)
  6 adders
  3 shadow imps
  2 oozes (D:1)
  2 adder zombies
  An adder skeleton (D:5)
  A worm (D:3)
  5 dart slugs
  3 leopard geckos
  26 orcs
  9 bats
  7 giant cockroaches
  7 goblins
  6 hobgoblins
  8 jackals
  2 quokkas (D:6)
  5 frilled lizards
  A jackal zombie (D:5)
  18 kobolds
  A leopard gecko zombie (D:8)
  A quokka skeleton (D:5)
  4 rats
  3 fungi (D:9)
  4 plants (D:9)
219 creatures vanquished.

Vanquished Creatures (others)
  A worker ant (D:7)
  An adder (D:7)
  An orc (D:7)
  3 fungi (D:9)
  3 plants
9 creatures vanquished.

Grand Total: 228 creatures vanquished

Notes
Turn   | Place    | Note
-------+----------+-------------------------------------------
     0 | D:1      | equalderp2856 the Minotaur Fighter began the quest for the Orb.
     0 | D:1      | Reached XP level 1. HP: 19/19 MP: 0/0
   106 | D:1      | Reached XP level 2. HP: 23/27 MP: 1/1
   574 | D:1      | Reached XP level 3. HP: 31/33 MP: 2/2
   753 | D:1      | Reached skill level 3 in Axes
  1402 | D:2      | Found a faded altar of an unknown god.
  1662 | D:2      | Reached XP level 4. HP: 39/40 MP: 3/3
  1842 | D:2      | Reached skill level 4 in Axes
  2064 | D:3      | Noticed Terence
  2069 | D:3      | Killed Terence
  2069 | D:3      | Reached XP level 5. HP: 38/46 MP: 4/4
  2438 | D:3      | Reached skill level 5 in Axes
  2686 | D:3      | Reached skill level 1 in Dodging
  3282 | D:4      | Reached XP level 6. HP: 41/52 MP: 5/5
  3291 | D:4      | Got a warped leather armour
  3325 | D:4      | Found a staircase to the Ecumenical Temple.
  3572 | D:5      | Entered Level 5 of the Dungeon
  3609 | D:5      | Noticed an ice beast
  3618 | D:5      | Reached skill level 5 in Armour
  3618 | D:5      | Reached skill level 5 in Shields
  3657 | D:4      | Killed an ice beast
  4076 | D:4      | Reached XP level 7. HP: 47/59 MP: 6/6
  4087 | D:5      | Reached skill level 6 in Axes
  4394 | D:5      | Found Zets's Weapon Shoppe.
  4670 | D:5      | Found a glowing silver altar of Zin.
  4671 | D:5      | Found an opulent altar of Gozag.
  4908 | D:5      | Reached skill level 7 in Axes
  5289 | D:6      | Noticed Sigmund
  5337 | D:6      | Killed Sigmund
  5337 | D:6      | Reached skill level 5 in Fighting
  5337 | D:6      | Reached XP level 8. HP: 17/68 MP: 7/7
  5442 | D:6      | Noticed CitizenNev's ghost (novice DsBe)
  6338 | D:6      | Reached skill level 8 in Axes
  6555 | D:6      | Noticed a two-headed ogre
  6884 | D:7      | Noticed Pikel
  7151 | D:8      | Killed Pikel
  7151 | D:8      | Reached XP level 9. HP: 64/75 MP: 8/8
  7351 | D:7      | Reached skill level 1 in Stealth
  7718 | D:7      | Reached skill level 9 in Axes
  8358 | D:6      | Found a hazy altar of Hepliaklqana.
  8535 | D:6      | Found Ydueckawk's Antique Armour Boutique.
  9607 | D:8      | Found a stormy altar of Qazlal.
  9608 | D:8      | Found a burning altar of Makhleb.
 10095 | D:9      | Noticed Prince Ribbit
 10095 | D:9      | Noticed Maurice
 10125 | D:9      | Reached skill level 10 in Axes
 10743 | D:9      | Noticed a troll
 10755 | D:9      | Killed a troll
 10755 | D:9      | Reached XP level 10. HP: 36/86 MP: 9/9
 11136 | D:9      | Found Hagarein's Antique Weapon Shoppe.
 11196 | D:10     | Entered Level 10 of the Dungeon
 11529 | D:9      | Killed Prince Ribbit
 11562 | D:9      | Found a staircase to the Lair.
 11749 | D:9      | Reached skill level 5 in Dodging
 11934 | D:9      | Noticed an ice dragon
 12453 | D:9      | Killed Maurice
 12453 | D:9      | Reached skill level 11 in Axes
 12518 | Lair:1   | Entered Level 1 of the Lair of Beasts
 12518 | Lair:1   | Noticed an elephant
 12518 | Lair:1   | Noticed a spiny frog
 12542 | Lair:1   | HP: 4/132 [wolf (7)]
 12543 | Lair:1   | Mangled by an elephant

Skill      XL: |  1  2  3  4  5  6  7  8  9 10 |
---------------+-------------------------------+-----
Armour         | 4 5 6 8 9 |  9.3
Shields        | 4 5 6 7 8 9 |  9.7
Axes           | 3 4 5 7 8 10 11 | 11.4
Dodging        | 1 2 3 4 5 |  5.3
Fighting       | 4 5 7 |  7.7
Stealth        | 1 |  1.3

Action                   |  1- 3 |  4- 6 |  7- 9 | 10-12 || total
-------------------------+-------+-------+-------+-------++-------
Melee: War axe           |    82 |    99 |   410 |   202 ||   793
       Headbutt          |     9 |    22 |    78 |    50 ||   159
  Use: Potion            |       |       |     3 |     2 ||     5
  Eat: Chunk             |     2 |     6 |    16 |       ||    24
       Fruit             |       |       |     2 |     2 ||     4
       Royal jelly       |       |       |     2 |     2 ||     4
       Bread ration      |       |       |       |     1 ||     1
Armor: Scale mail        |    44 |    50 |   132 |    60 ||   286
       Skin              |       |       |     4 |       ||     4
Dodge: Dodged            |    26 |    35 |   142 |    89 ||   292
Block: Shield            |    50 |    64 |   264 |   124 ||   502
